 Dungeon Crawl Stone Soup version 0.21-a0-270-g8204059 (webtiles) character file.

70 tof the Conjurer (level 4, 0/33 HPs)
             Began as a Draconian Conjurer on Sept 13, 2017.
             Slain by a kobold (3 damage)
             ... on level 2 of the Dungeon.
             The game lasted 00:05:46 (2332 turns).

tof the Conjurer (Draconian Conjurer)               Turns: 2332, Time: 00:05:47

Health: 0/33       AC:  6    Str: 10    XL:     4   Next: 4%
Magic:  0/7        EV:  7    Int: 16    God:
Gold:   134        SH: 12    Dex: 12    Spells: 6/7 levels left

rFire    . . .     SeeInvis .   e - +0 short sword
rCold    . . .     Gourm    .   r - +2 large shield
rNeg     . . .     Faith    .   (armour unavailable)
rPois    .         Spirit   .   (helmet restricted)
rElec    .         Reflect  .   (no cloak)
rCorr    .         Harm     .   (no gloves)
MR       .....                  m - +0 pair of boots
Stlth    ++........             (no amulet)
HPRegen  0.11/turn              (no ring)
MPRegen  0.10/turn              (no ring)

@: no status effects
A: unfitting armour, cold-blooded, AC +5
a: no special abilities


You were on level 2 of the Dungeon.
You were not hungry.

You visited 1 branch of the dungeon, and saw 3 of its levels.

You collected 134 gold pieces.

Inventory:

Hand Weapons
 e - a +0 short sword (weapon)
Armour
 m - a +0 pair of boots (worn)
 r - a +2 large shield (worn)
Scrolls
 c - a scroll of blinking {unknown}
 f - a scroll of enchant weapon {unknown}
 h - 3 scrolls of teleportation {unknown}
 i - 4 scrolls of identify {unknown}
 j - a scroll of fear {unknown}
 k - a scroll of remove curse {unknown}
 l - a scroll of fog {unknown}
 o - a scroll of immolation {unknown}
 p - 2 scrolls of magic mapping {unknown}
 s - a scroll of noise {unknown}
Potions
 d - a potion of magic {unknown}
 g - a potion of berserk rage {unknown}
 q - a potion of heal wounds {unknown}
Books
 a - a book of Conjurations

   Spells                             Type                      Level
   a - Magic Dart                     Conjuration                  1
   b - Searing Ray                    Conjuration                  2
   c - Dazzling Spray                 Conjuration/Hexes            3
   d - Fulminant Prism                Conjuration/Hexes            4
   e - Force Lance                    Conjuration/Translocation    4
   f - Iskenderun's Mystic Blast      Conjuration                  4
Comestibles
 b - 2 bread rations
 n - 2 fruits
 u - a meat ration


   Skills:
 + Level 2.3 Dodging
 + Level 2.5 Stealth
 * Level 0.6 Shields
 + Level 2.4 Spellcasting
 * Level 4.5 Conjurations


You had 6 spell levels left.
You knew the following spells:

 Your Spells              Type           Power        Failure   Level  Hunger
a - Magic Dart            Conj           ###.         56%         1    #......


Dungeon Overview and Level Annotations

Branches:
Dungeon (3/15)

Altars:
Gozag
Uskayaw

Annotations:
D:2 Natasha


Innate Abilities, Weirdness & Mutations

Your plain brown scales are hard. (AC +5)
You cannot fit into any form of body armour.
You are cold-blooded and may be slowed by cold attacks.


Message History

Natasha is almost dead.
Natasha claws you.
* * * LOW HITPOINT WARNING * * *
You block the kobold's attack. You block the orc's attack.
You barely miss Natasha.
Natasha is almost dead.
Natasha claws you.
* * * LOW HITPOINT WARNING * * *
The kobold hits you but does no damage. You block the orc's attack.
The kobold hits you but does no damage. Natasha casts a spell at you.
You resist with some effort. The orc hits you but does no damage.
Your shield prevents you from hitting Natasha.
Natasha is almost dead.
Natasha completely misses you. The kobold hits you but does no damage.
You block the orc's attack.
You closely miss Natasha.
Natasha is almost dead.
Natasha barely misses you. The kobold hits you.
You die...

.###.........# #>##........
....######...# #.######.... .##.#
#...####### #.## ##### .##.#
#.........# #..# #####
.##.######...#####.# ##.#####....
..#................# #....##....
#.#................# #..........
#.##[..........K...####....##....
#.########......@o.#.......##....
#.# #.......##h##.##.#..######
#.# #.#...#.##.##.##.#[.# ..#
#.#...#.##..........######
########.#.....(.....##.##.#.....
#..........#.####............†.
#.####..####.# #.###.####.....
#.####.......# #.# #.##.......
#...........## ##.###....#.....


You could see Natasha, an orc and a kobold.

Vanquished Creatures
  2 adders
  2 oozes (D:1)
  2 leopard geckos
  An orc (D:3)
  4 goblins
  3 hobgoblins (D:1)
  7 jackals
  5 kobolds
  5 bats
  A frilled lizard (D:1)
  7 rats
39 creatures vanquished.

Vanquished Creatures (others)
  A hobgoblin (D:3)
  A rat (D:3)
2 creatures vanquished.

Grand Total: 41 creatures vanquished

Notes
Turn   | Place    | Note
-------+----------+-------------------------------------------
     0 | D:1      | tof the Draconian Conjurer began the quest for the Orb.
     0 | D:1      | Reached XP level 1. HP: 14/14 MP: 3/3
   359 | D:1      | Reached XP level 2. HP: 6/20 MP: 1/5
  1036 | D:1      | Reached XP level 3. HP: 23/26 MP: 2/6
  1367 | D:2      | Found an opulent altar of Gozag.
  1855 | D:2      | Noticed a hand axe
  1857 | D:2      | Noticed a dagger
  1858 | D:2      | Found a hide-covered altar of Uskayaw.
  2102 | D:3      | Noticed Natasha
  2110 | D:3      | Reached XP level 4. HP: 20/33 MP: 3/7
  2332 | D:2      | Slain by a kobold

Vault maps used:
D:1:      dpeg_arrival_radiant, minmay_split_cup_small
D:2:      dancing_weapons_uskayaw, first_bread, nrook_mini_backslash,
          nicolae_gozag_cash_rules_everything_around_me
D:3:      fiery_altar_vehumet, uniq_natasha

Skill      XL: |  1  2 |
---------------+-------+-----
Stealth        | 2 |  2.5
Dodging        | 2 |  2.3
Shields        | |  0.6
Spellcasting   | |  2.4
Conjurations   | |  4.5

Action                   |  1- 3 |  4- 6 || total
-------------------------+-------+-------++-------
Melee: Short sword       |    68 |    10 ||    78
       Tailslap          |     6 |     2 ||     8
 Cast: Magic Dart        |    54 |     4 ||    58
 Stab: Sleeping          |     2 |       ||     2
  Eat: Chunk             |     5 |       ||     5
       Bread ration      |       |     1 ||     1
Armor: Skin              |    38 |    12 ||    50
Dodge: Dodged            |    42 |    10 ||    52
Block: Large shield      |    33 |    13 ||    46

Table legend:
 A = Spawn XP
 B = Non-spawn XP
 C = Spawn XP percentage of total XP
 D = Spawn monster count
 E = Non-spawn monster count
 F = Spawn count percentage of total count
 G = Total turns spent on level
                    A         B        C        D         E        F      G
               +---------+---------+-------+---------+---------+-------+---------
         Total |       0 |     101 |   0.0 |       0 |      39 |   0.0 |  2332
               +---------+---------+-------+---------+---------+-------+---------
           D:1 |       0 |      49 |   0.0 |       0 |      24 |   0.0 |  1236
           D:2 |       0 |      34 |   0.0 |       0 |      11 |   0.0 |  1042
           D:3 |       0 |      18 |   0.0 |       0 |       4 |   0.0 |    54
               +---------+---------+-------+---------+---------+-------+---------
